 Dungeon Crawl Stone Soup version 0.26-a0-113-gd8a95b691d (webtiles) character file.

Game seed: 8268091691825958875

10941 Gargoyl the Schismatic (level 11, -1/89 HPs)
             Began as a Centaur Abyssal Knight on June 25, 2020.
             Was an Elder of Lugonu.
             Slain by a basilisk (4 damage)
             ... while petrified by a basilisk
             ... on level 2 of the Lair of Beasts.
             The game lasted 00:16:19 (14030 turns).

Gargoyl the Schismatic (Centaur Abyssal Knight)    Turns: 14030, Time: 00:16:19

Health: -1/89      AC: 15    Str: 22    XL:     11   Next: 42%
Magic:  14/17      EV:  1    Int: 11    God:    Lugonu [****..]
Gold:   592        SH:  0    Dex: 17    Spells: 10/10 levels left

rFire    . . .     SeeInvis .   a - +4 hand axe (vorpal)
rCold    . . .     Faith    .   y - +3 kite shield
rNeg     + + +     Spirit   .   g - +0 chain mail
rPois    ∞         Reflect  .   j - +0 helmet
rElec    .         Harm     .   o - +2 cloak {rPois}
rCorr    .                      d - +0 pair of gloves
MR       .....                  (no barding)
Stlth    ..........             m - amulet of the acrobat
HPRegen  0.24/turn              e - +6 ring of strength
MPRegen  0.15/turn              t - +6 ring of dexterity

@: petrified, very quick
A: large, hooves 3, deformed body, speed 2, tough skin 3
a: Depart the Abyss, Bend Space, Banish, Corrupt, Renounce Religion


You were on level 2 of the Lair of Beasts.
You worshipped Lugonu.
Lugonu was greatly pleased with you.
You were very hungry.

You visited 2 branches of the dungeon, and saw 10 of its levels.
You visited the Abyss 1 time.

You collected 592 gold pieces.

Inventory:

Hand Weapons
 a - a +4 vorpal hand axe (weapon)
 B - a +3 war axe
Armour
 d - a +0 pair of gloves (worn)
 g - a +0 chain mail (worn)
 j - a +0 helmet (worn)
 o - a +2 cloak of poison resistance (worn)
 y - a +3 kite shield (worn)
Jewellery
 e - a +6 ring of strength (left hand)
 m - an amulet of the acrobat (around neck)
 t - a +6 ring of dexterity (right hand)
 u - a cursed -4 ring of strength
Wands
 w - a wand of flame (23)
 x - a wand of acid (1)
 C - a wand of polymorph (8)
 D - a wand of clouds (5)
Scrolls
 f - 7 scrolls of teleportation
 i - 4 scrolls of blinking
 n - 2 scrolls of identify
 p - a scroll of magic mapping
 s - 6 scrolls of remove curse
 F - a scroll of summoning {unknown}
Potions
 b - a potion of magic
 h - a potion of flight
 k - 3 potions of might
 q - a potion of brilliance
 r - 2 potions of stabbing
 v - a potion of lignification
 z - a potion of cancellation {unknown}
 A - 2 potions of invisibility {unknown}
Comestibles
 c - 22 rations


   Skills:
 + Level 5.8 Fighting
   Level 3.0 Long Blades
 + Level 7.1 Axes
 * Level 7.6 Armour
 + Level 2.8 Dodging
 * Level 6.2 Shields
 * Level 8.6 Invocations
 + Level 1.2 Evocations


You had 10 spell levels left.
You didn't know any spells.
Your spell library contained the following spells:

 Spells                   Type           Power        Failure   Level  Hunger
 Shock                    Conj/Air       #...         99%         1    ##.....
 Call Imp                 Summ           #.......     100%        2    ###....
 Call Canine Familiar     Summ           #.......     100%        3    ####...
 Confusing Touch          Hex            #.......     100%        3    ####...
 Gell's Gravitas          Tloc           #.........   100%        3    ####...
 Petrify                  Tmut/Erth      #.......     100%        4    #####..
 Metabolic Englaciation   Hex/Ice        #.........   100%        5    ######.
 Silence                  Hex/Air        #.........   100%        5    ######.
 Yara's Violent Unravell  Hex/Tmut       #.........   100%        5    ######.
 Dragon's Call            Summ           #.........   100%        9    #######


Dungeon Overview and Level Annotations

Branches:
Dungeon (8/15)             Temple (0/1) D:5            Lair (2/6) D:8
  Snake (0/4) Lair:2
  Swamp: Lair:2-4    Shoals: Lair:2-4

Altars:
Ashenzari
Cheibriados
Dithmenos
Elyvilon
Fedhas
Gozag
Makhleb
Okawaru
Qazlal
Sif Muna
Uskayaw
Xom
The Shining One

Shops:
D:4 :   D:5 (


Innate Abilities, Weirdness & Mutations

You have hooves in place of feet.
Armour fits poorly on your strangely shaped body.
You cover ground very quickly.
You have extremely tough skin. (AC +3)


Message History

The killer bee stings you but does no damage. x2
The basilisk gazes at you. You resist with some effort.
The basilisk gazes at you. You resist with some effort.
The killer bee stings you but does no damage. x2
The basilisk bites you.
* * * LOW HITPOINT WARNING * * *
The basilisk bites you!
* * * LOW HITPOINT WARNING * * *
The killer bee stings you.
* * * LOW HITPOINT WARNING * * *
The killer bee stings you. The basilisk bites you.
* * * LOW HITPOINT WARNING * * *
The basilisk bites you!
* * * LOW HITPOINT WARNING * * *
The killer bee buzzes angrily.
The killer bee stings you but does no damage.
The killer bee stings you. The basilisk bites you!
You die...

.#######..P..#..#......P#
..#####.....#.#.##.....##
.....###..#.............#
P..........#y⌠........###
.##..................##
...P..........#..P...#
....................##
.............>.ll#.##
................@###
...............†§y#
....<......)......#
..###.............# .##
#.............# .#
##............### .##
##.............### ..#
##.##........##.#.# .##
#..#......#.P###.##


You could see 2 basilisks and 2 killer bees.

Vanquished Creatures
  An elephant (Lair:1)
  Psyche (D:8)
  A spiny frog (Lair:1)
  A rime drake (Lair:2)
  Grinder (D:6)
  3 blink frogs
  2 dream sheep
  5 hippogriffs
  Sigmund (D:2)
  8 yaks
  4 basilisks
  2 wyverns
  Edmund (D:6)
  4 water moccasins
  4 porcupines
  A swamp drake (D:8)
  3 sky beasts
  3 ice beasts
  11 wolves
  A centaur (D:7)
  3 ogres
  6 crocodiles
  3 big kobolds
  Blork the orc (D:6)
  4 bullfrogs
  A water moccasin skeleton (D:4)
  A scorpion (D:7)
  18 killer bees
  A jelly (D:7)
  2 crimson imps (D:6)
  3 hounds
  Crazy Yiuf (D:2)
  A gnoll shaman (D:7)
  An orc priest (D:7)
  An orc wizard (D:4)
  An iguana (D:7)
  2 worker ants
  A hound zombie (D:7)
  A hound skeleton (D:4)
  Robin (D:2)
  6 adders
  3 gnolls (D:7)
  An adder skeleton (D:5)
  3 worms
  4 dart slugs (D:2)
  5 leopard geckos
  18 orcs
  15 goblins
  9 hobgoblins
  16 jackals
  4 kobolds
  2 quokkas
  2 ball pythons
  10 bats
  6 frilled lizards
  A giant cockroach zombie (D:5)
  A jackal zombie (D:5)
  A leopard gecko skeleton (D:5)
  A leopard gecko zombie (D:5)
  7 rats
  A fungus (Lair:1)
227 creatures vanquished.

Vanquished Creatures (others)
  A blink frog (Lair:2)
  A crocodile (Lair:2)
  A hound (D:6)
  A worker ant (D:6)
  2 adders (D:6)
  A worm (D:6)
  A plant (Lair:2)
8 creatures vanquished.

Grand Total: 235 creatures vanquished

Notes
Turn   | Place    | Note
-------+----------+-------------------------------------------
     0 | Abyss:1  | Gargoyl the Centaur Abyssal Knight began the quest for the
                  | Orb.
     0 | Abyss:1  | Reached XP level 1. HP: 19/19 MP: 2/2
    69 | Abyss:3  | Found an iron altar of Okawaru.
    69 | Abyss:3  | Noticed an ice devil
    69 | Abyss:3  | Noticed an apocalypse crab
    69 | Abyss:3  | Noticed a large abomination
    69 | Abyss:3  | Noticed a large abomination
    70 | D:1      | Escaped the Abyss
   544 | D:1      | Reached * piety under Lugonu
   544 | D:1      | Reached XP level 2. HP: 26/26 MP: 3/3
   557 | D:1      | Reached skill level 1 in Dodging
  1149 | D:2      | Reached XP level 3. HP: 23/31 MP: 3/5
  1423 | D:2      | Noticed Sigmund
  1437 | D:2      | Killed Sigmund
  1437 | D:2      | Reached skill level 3 in Invocations
  1437 | D:2      | Reached XP level 4. HP: 17/40 MP: 6/6
  1437 | D:2      | Reached XP level 5. HP: 20/46 MP: 7/7
  1961 | D:2      | Noticed an ice beast
  1969 | D:2      | Killed an ice beast
  1969 | D:2      | Reached ** piety under Lugonu
  1969 | D:2      | Reached XP level 6. HP: 34/52 MP: 8/8
  2206 | D:2      | Noticed Robin
  2224 | D:2      | Killed Robin
  2744 | D:2      | Found a runed translucent door.
  2745 | D:2      | Noticed Crazy Yiuf
  2920 | D:2      | Killed Crazy Yiuf
  3684 | D:3      | Reached *** piety under Lugonu
  4394 | D:4      | Found Fosu's Book Shop.
  4407 | D:4      | Found a blossoming altar of Fedhas.
  4838 | D:4      | Reached XP level 7. HP: 54/58 MP: 9/9
  5062 | D:4      | Found a burning altar of Makhleb.
  5151 | D:4      | Found a shimmering blue altar of Sif Muna.
  5297 | D:5      | Entered Level 5 of the Dungeon
  5316 | D:5      | Found Baghops's Weapon Boutique.
  5470 | D:5      | Reached skill level 1 in Shields
  5470 | D:5      | Reached skill level 4 in Invocations
  5712 | D:5      | Found a staircase to the Ecumenical Temple.
  5734 | D:5      | Found a shadowy altar of Dithmenos.
  6266 | D:6      | Found an iron altar of Okawaru.
  6320 | D:6      | Found a shimmering altar of Xom.
  6352 | D:6      | Reached XP level 8. HP: 58/66 MP: 11/11
  6419 | D:6      | Noticed Grinder
  6422 | D:6      | Paralysed by Grinder for 3 turns
  6427 | D:6      | Killed Grinder
  6446 | D:6      | Found a shattered altar of Ashenzari.
  6456 | D:6      | Noticed Edmund
  6462 | D:6      | Killed Edmund
  6622 | D:6      | Found an opulent altar of Gozag.
  6749 | D:6      | Noticed Blork the orc
  6763 | D:6      | Killed Blork the orc
  7002 | D:6      | Found a white marble altar of Elyvilon.
  7003 | D:6      | Found a hide-covered altar of Uskayaw.
  7123 | D:7      | Found a snail-covered altar of Cheibriados.
  7322 | D:7      | Reached skill level 1 in Evocations
  7442 | D:7      | Reached skill level 5 in Invocations
  7451 | D:7      | Reached skill level 5 in Armour
  7521 | D:7      | Reached XP level 9. HP: 61/71 MP: 12/12
  7768 | D:7      | Reached **** piety under Lugonu
  7768 | D:7      | Reached skill level 5 in Axes
  8280 | D:8      | Noticed Psyche
  8297 | D:8      | Killed Psyche
  8463 | D:8      | Found a stormy altar of Qazlal.
  8475 | D:8      | Noticed a three-headed hydra
  8659 | D:7      | Banished a three-headed hydra
  8659 | D:7      | Reached skill level 6 in Invocations
  8952 | D:7      | Reached skill level 7 in Invocations
  9162 | D:8      | Reached XP level 10. HP: 24/80 MP: 15/15
  9475 | D:8      | Identified Roreontu's Reference Book on the Birds and
                  | Companions
  9590 | D:8      | Found a glowing golden altar of the Shining One.
  9910 | D:8      | Found a staircase to the Lair.
  9919 | D:8      | Reached skill level 5 in Fighting
 10604 | Lair:1   | Entered Level 1 of the Lair of Beasts
 10995 | Lair:1   | Reached skill level 5 in Shields
 11427 | Lair:1   | Noticed a spiny frog
 11441 | Lair:1   | Killed a spiny frog
 11441 | Lair:1   | Reached skill level 8 in Invocations
 12215 | Lair:2   | Found a staircase to the Snake Pit.
 12397 | Lair:2   | Reached XP level 11. HP: 53/88 MP: 17/17
 12812 | Lair:2   | HP: 2/88 [hippogriff (3)]
 14022 | Lair:2   | HP: 3/89 [basilisk (7)]
 14029 | Lair:2   | HP: 2/89 [basilisk (5)]
 14030 | Lair:2   | Slain by a basilisk

Illustrated notes

Levels and vault maps discovered:
D:1:      heliophobic_arrival_glass_houses, layout_loops_corners
D:2:      layout_loops_cross, minmay_misc_feat_rows, minmay_strange_pillars,
          uniq_crazy_yiuf_cottage, uniq_sigmund, uniq_robin
D:3:      layout_basic
D:4:      layout_loops_corners, led_sif_pool, old_standard_altar,
          makhleb_altar_promises_db, first_ration, serial_shops, shop
D:5:      layout_gridville, grunt_dithmenos_smoke,
          minmay_temple_entry_gardened_gates, serial_shops, nicolae_shop_trees
D:6:      layout_cave_pods, okawaru_ov_weapons_minmay, old_standard_altar,
          gammafunk_temple_overflow_pools, xom_confusion_cloud,
          nicolae_overflow_crystal_walls, uniq_grinder, uniq_edmund,
          uniq_blork_the_orc
D:7:      layout_basic, cheibriados_altar_1
D:8:      layout_basic, nicolae_qazlal_style_of_elements, erik_lair_dragon,
          hangedman_ranch [blue_anna_fruit_fields], tso_metal_star, uniq_psyche
Lair:1:   layout_chaotic_city, st_stairs_4
Lair:2:   regret_index_wax_grids, layout_layer_cave, elwin_shoals_entry_rooms,
          lemuel_old_faithful

Skill      XL: |  1  2  3  4  5  6  7  8  9 10 11 |
---------------+----------------------------------+-----
Dodging        | 1 2 |  2.8
Long Blades    | 2 3 |  3.0
Armour         | 2 3 4 5 7 |  7.6
Invocations    | 3 4 5 7 8 |  8.6
Axes           | 2 4 5 6 7 |  7.1
Shields        | 1 2 4 5 6 |  6.2
Fighting       | 4 5 |  5.8
Evocations     | 1 |  1.2

Action                   |  1- 3 |  4- 6 |  7- 9 | 10-12 || total
-------------------------+-------+-------+-------+-------++-------
Melee: Falchion          |    97 |    61 |       |       ||   158
       Kick              |    17 |    38 |    88 |   114 ||   257
       Hand axe          |       |   130 |   246 |   290 ||   666
Invok: Depart the Abyss  |     1 |       |       |       ||     1
       Banish            |       |       |     5 |     1 ||     6
       Bend Space        |       |       |     1 |     1 ||     2
Evoke: Wand              |       |       |     9 |     2 ||    11
  Use: Scroll            |     2 |     5 |    11 |     2 ||    20
       Potion            |     4 |       |     2 |     4 ||    10
 Stab: Confused          |       |       |     1 |     1 ||     2
  Eat: Chunk             |     1 |     9 |    12 |    13 ||    35
Armor: Chain mail        |    59 |   162 |   105 |   220 ||   546
Dodge: Dodged            |    23 |    78 |    50 |    96 ||   247
Block: Kite shield       |       |     8 |   181 |   279 ||   468
       Rpst.: Falchion   |     9 |     6 |       |       ||    15

Table legend:
 A = Non-vault XP
 B = Vault XP
 C = Vault XP percentage of total XP
 D = Non-vault monster count
 E = Vault monster count
 F = Vault count percentage of total count
                 A         B        C        D         E       F
            +---------+---------+-------+---------+---------+-------
      Total |    7453 |    8177 |  52.3 |     165 |      63 |  27.6
            +---------+---------+-------+---------+---------+-------
        D:1 |      19 |       0 |   0.0 |      13 |       0 |   0.0
        D:2 |     235 |     300 |  56.1 |      38 |      14 |  26.9
        D:3 |      38 |       0 |   0.0 |      19 |       0 |   0.0
        D:4 |     230 |       0 |   0.0 |      17 |       0 |   0.0
        D:5 |     279 |       0 |   0.0 |       9 |       0 |   0.0
        D:6 |     375 |     695 |  65.0 |       6 |       6 |  50.0
        D:7 |    1405 |    1153 |  45.1 |      29 |       5 |  14.7
        D:8 |     810 |    1985 |  71.0 |      11 |      11 |  50.0
     Lair:1 |    2901 |    1525 |  34.5 |      17 |       7 |  29.2
     Lair:2 |    1161 |    2519 |  68.5 |       6 |      20 |  76.9
            +---------+---------+-------+---------+---------+-------
